 Dungeon Crawl Stone Soup version 0.27.0-1-g7a089689b8 (console) character file.

Game seed: 14263379050235919255

151 FIQ the Ducker (level 5, -2/47 HPs)
             Began as a Gnoll Monk on Aug 2, 2021.
             Killed by divine providence
             ... invoked by an orc priest
              (14 damage)
             ... on level 3 of the Dungeon.
             The game lasted 00:03:46 (2798 turns).

FIQ the Ducker (Gnoll Monk)                         Turns: 2798, Time: 00:03:46

Health: -2/47      AC:  3    Str: 11    XL:     5   Next: 33%
Magic:  7/7        EV: 14    Int:  9    God:
Gold:   91         SH:  0    Dex: 15    Spells: 6/6 levels left

rFire    . . .     SeeInvis .   a - +0 falchion
rCold    . . .     Faith    .   (no shield)
rNeg     . . .     Spirit   .   d - +0 leather armour
rPois    .         Reflect  .   (no helmet)
rElec    .         Harm     .   (no cloak)
rCorr    .         Rampage  .   (no gloves)
Will     .....                  (no boots)
Stlth    +++.......             (no amulet)
HPRegen  0.15/turn              (no ring)
MPRegen  0.10/turn              (no ring)

@: no status effects
A: fangs 1, strong nose, distributed training
a: no special abilities


You were on level 3 of the Dungeon.
You visited 1 branch of the dungeon, and saw 3 of its levels.

You collected 91 gold pieces.

Inventory:

Hand Weapons
 a - a +0 falchion (weapon)
Armour
 b - a +0 robe
 d - a +0 leather armour (worn)
Scrolls
 c - a scroll of fog {unknown}
 e - 2 scrolls of vulnerability {unknown}
 g - a scroll of summoning {unknown}
 i - a scroll of immolation {unknown}
Potions
 f - 4 potions of haste {unknown}
 h - a potion of ambrosia {unknown}
 j - a potion of degeneration {unknown}
 k - a potion of curing {unknown}
 l - a potion of invisibility {unknown}


   Skills:
 + Level 6.7 Fighting
 + Level 1.4 Short Blades
 + Level 6.7 Long Blades
 + Level 1.4 Axes
 + Level 1.4 Maces & Flails
 + Level 1.4 Polearms
 + Level 1.4 Staves
 + Level 1.4 Slings
 + Level 1.4 Bows
 + Level 1.4 Crossbows
 + Level 1.4 Throwing
 + Level 1.4 Armour
 + Level 6.7 Dodging
 + Level 4.4 Stealth
 + Level 1.4 Shields
 + Level 1.4 Unarmed Combat
 + Level 1.4 Spellcasting
 + Level 1.1 Conjurations
 + Level 1.1 Hexes
 + Level 1.1 Summonings
 + Level 1.1 Necromancy
 + Level 1.1 Translocations
 + Level 1.1 Transmutations
 + Level 1.1 Fire Magic
 + Level 1.1 Ice Magic
 + Level 1.1 Air Magic
 + Level 1.1 Earth Magic
 + Level 1.1 Poison Magic
 + Level 1.6 Invocations
 + Level 1.4 Evocations


You had 6 spell levels left.
You didn't know any spells.
Your spell library contained the following spells:

 Spells                   Type           Power      Damage    Failure   Level
 Apportation              Tloc           4%         N/A       28%         1
 Ozocubu's Armour         Ice            2%         N/A       65%         3
 Alistair's Intoxication  Tmut/Pois      1%         N/A       100%        5
 Invisibility             Hex            1%         N/A       100%        6
 Ozocubu's Refrigeration  Ice            1%         4d5       100%        7


Dungeon Overview and Level Annotations

Branches:
Dungeon (3/15)

Altars:


Innate Abilities, Weirdness & Mutations

You have very sharp teeth.
Your uncanny sense of smell can sniff out nearby items.
Your experience applies equally to all skills.


Message History

You hit the orc priest.
The orc priest is moderately wounded.
The orc priest hits you with a +1 vorpal hand axe.
The orc hits you but does no damage.
The kobold hits you with a +0 short sword.
You barely miss the orc priest.
The orc priest is moderately wounded.
The orc priest hits you with a +1 vorpal hand axe.
The orc hits you with a +0 dagger. The kobold misses you.
You riposte.
You barely miss the kobold. You closely miss the orc priest.
The orc priest is moderately wounded.
The orc priest barely misses you. The orc hits you but does no damage.
The kobold closely misses you.
You barely miss the orc priest.
The orc priest is moderately wounded.
The orc priest barely misses you.
You riposte.
You barely miss the orc priest.
The orc priest is moderately wounded.
The orc closely misses you.
You hit the orc priest.
The orc priest is moderately wounded.
The kobold barely misses you. The orc priest closely misses you.
The orc hits you but does no damage.
You hit the orc priest but do no damage.
The orc priest is moderately wounded.
The kobold closely misses you. The orc priest misses you.
You riposte.
You hit the orc priest but do no damage.
You bite the orc priest, but do no damage.
The orc priest is moderately wounded.
You hit the orc priest but do no damage.
The orc priest is moderately wounded.
The orc barely misses you. The kobold closely misses you.
The orc priest hits you with a +1 vorpal hand axe.
* * * LOW HITPOINT WARNING * * *
x2 You barely miss the orc priest.
The orc priest is moderately wounded.
The orc barely misses you. The kobold hits you but does no damage.
The orc priest calls down the wrath of Beogh upon you.
Beogh smites you!
You die...

#.#......#
.###.#......#
.....#.)....#
....##)#####
...#.# #.#.#
#...# ##.o#
#.@# #Ko#
..... ####.##
#.. ∆ #.. #..
##..


You could see an orc priest, an orc and a kobold.

Vanquished Creatures
  Jessica (D:2)
  3 gnolls (D:2)
  3 adders (D:2)
  A worm (D:2)
  4 dart slugs
  6 orcs
  An endoplasm (D:2)
  4 giant cockroaches (D:1)
  3 goblins (D:2)
  5 hobgoblins (D:2)
  4 jackals (D:2)
  5 kobolds
  2 quokkas
  2 ball pythons
  2 bats (D:2)
  A frilled lizard (D:1)
  6 rats
53 creatures vanquished.

Notes
Turn   | Place    | Note
-------+----------+-------------------------------------------
     0 | D:1      | FIQ the Gnoll Monk began the quest for the Orb.
     0 | D:1      | Reached XP level 1. HP: 23/23 MP: 1/1
   123 | D:1      | Reached XP level 2. HP: 25/29 MP: 2/2
   654 | D:1      | Found a faded altar of an unknown god.
   799 | D:2      | Reached XP level 3. HP: 29/35 MP: 3/3
   886 | D:2      | Noticed Jessica
   894 | D:2      | Killed Jessica
   895 | D:2      | Reached skill level 1 in Short Blades
   895 | D:2      | Reached skill level 1 in Axes
   895 | D:2      | Reached skill level 1 in Maces & Flails
   895 | D:2      | Reached skill level 1 in Polearms
   895 | D:2      | Reached skill level 1 in Staves
   895 | D:2      | Reached skill level 1 in Slings
   895 | D:2      | Reached skill level 1 in Bows
   895 | D:2      | Reached skill level 1 in Crossbows
   895 | D:2      | Reached skill level 1 in Throwing
   895 | D:2      | Reached skill level 1 in Armour
   895 | D:2      | Reached skill level 1 in Shields
   895 | D:2      | Reached skill level 1 in Unarmed Combat
   895 | D:2      | Reached skill level 1 in Spellcasting
   895 | D:2      | Reached skill level 1 in Invocations
   895 | D:2      | Reached skill level 1 in Evocations
  1166 | D:2      | Reached XP level 4. HP: 23/41 MP: 5/5
  1674 | D:2      | Reached skill level 1 in Conjurations
  1674 | D:2      | Reached skill level 1 in Hexes
  1674 | D:2      | Reached skill level 1 in Summonings
  1674 | D:2      | Reached skill level 1 in Necromancy
  1674 | D:2      | Reached skill level 1 in Translocations
  1674 | D:2      | Reached skill level 1 in Transmutations
  1674 | D:2      | Reached skill level 1 in Fire Magic
  1674 | D:2      | Reached skill level 1 in Ice Magic
  1674 | D:2      | Reached skill level 1 in Air Magic
  1674 | D:2      | Reached skill level 1 in Earth Magic
  1674 | D:2      | Reached skill level 1 in Poison Magic
  1958 | D:2      | Reached XP level 5. HP: 37/47 MP: 5/7
  2798 | D:3      | Killed from afar by an orc priest

Illustrated notes

Levels and vault maps discovered:
D:1:      minmay_arrival_four_circles, layout_basic,
          hellmonk_ecumenical_altar_inner_sanctum, minmay_misc_feat_rows
D:2:      layout_basic, guppyfry_early_orc_mine, uniq_jessica
D:3:      layout_basic, uniq_terence

Skill      XL: |  1  2  3  4 |
---------------+-------------+-----
Short Blades   | 1 |  1.4
Axes           | 1 |  1.4
Maces & Flails | 1 |  1.4
Polearms       | 1 |  1.4
Staves         | 1 |  1.4
Slings         | 1 |  1.4
Bows           | 1 |  1.4
Crossbows      | 1 |  1.4
Throwing       | 1 |  1.4
Armour         | 1 |  1.4
Shields        | 1 |  1.4
Unarmed Combat | 1 |  1.4
Spellcasting   | 1 |  1.4
Invocations    | 1 |  1.6
Evocations     | 1 |  1.4
Conjurations   | 1 |  1.1
Hexes          | 1 |  1.1
Summonings     | 1 |  1.1
Necromancy     | 1 |  1.1
Translocations | 1 |  1.1
Transmutations | 1 |  1.1
Fire Magic     | 1 |  1.1
Ice Magic      | 1 |  1.1
Air Magic      | 1 |  1.1
Earth Magic    | 1 |  1.1
Poison Magic   | 1 |  1.1
Fighting       | |  6.7
Long Blades    | |  6.7
Dodging        | |  6.7
Stealth        | |  4.4

Action                   |  1- 3 |  4- 6 || total
-------------------------+-------+-------++-------
Melee: Falchion          |    56 |   120 ||   176
       Bite              |     6 |    14 ||    20
       Punch             |       |     3 ||     3
 Stab: Sleeping          |     3 |     8 ||    11
       Distracted        |       |     1 ||     1
Armor: Robe              |     5 |       ||     5
       Leather armour    |     4 |    25 ||    29
Dodge: Dodged            |    37 |    80 ||   117
       Rpst.: Falchion   |     6 |    26 ||    32
